 Dungeon Crawl Stone Soup version 0.20.1-1-g8b1a95d (console) character file.

67889 Kloppie the Bludgeoner (level 14, -7/132 HPs)
             Began as a Minotaur Gladiator on July 9, 2017.
             Was the Champion of Okawaru.
             Mangled by an ettin
             ... wielding a +0 dire flail
              (20 damage)
             ... on level 2 of the Orcish Mines.
             The game lasted 00:34:26 (21539 turns).

Kloppie the Bludgeoner (Minotaur Gladiator)        Turns: 21539, Time: 00:34:27

Health: -7/132     AC: 27    Str: 22    XL:     14   Next: 84%
Magic:  16/16      EV:  9    Int:  5    God:    Okawaru [******]
Gold:   1490       SH:  0    Dex: 21    Spells: 13/13 levels left

rFire    + + .     SeeInvis +   a - +3 great mace (protect)
rCold    + . .     Gourm    .   (shield currently unavailable)
rNeg     + . .     Faith    +   h - +1 plate armour {rF+}
rPois    +         Spirit   .   C - +2 hat "Huketic" {rPois}
rElec    .         Reflect  .   G - scarf {rC+ rF+}
rCorr    .         Harm     .   l - +1 pair of gloves of Twilight {Dex+7}
MR       +....                  H - +0 pair of boots
Stlth    ..........             M - amulet of faith
Regen    0.4/turn               t - ring of positive energy
MPRegen  0.2/turn               x - ring of see invisible

@: corroded, protection aura, drained
A: retaliatory headbutt, horns 2
a: Heroism, Finesse, Renounce Religion


You were on level 2 of the Orcish Mines.
You worshipped Okawaru.
Okawaru was exalted by your worship.
You were not hungry.

You visited 4 branches of the dungeon, and saw 22 of its levels.
You also visited: Bailey and Ice Cave.

You collected 1672 gold pieces.
You spent 182 gold pieces at shops.

Inventory:

Hand Weapons
 a - a +3 great mace of protection (weapon)
 b - a +4 dire flail of holy wrath
Missiles
 d - 6 throwing nets (quivered)
Armour
 h - a +1 plate armour of fire resistance (worn)
 l - the +1 pair of gloves of Twilight (worn) {Dex+7}
   (You found it on level 10 of the Dungeon)

   It affects your dexterity (+7).
 u - the +0 shield of Sillius {rN+ Dex-4 SInv, unknown}
   (Okawaru gifted it to you on level 2 of the Lair of Beasts)

   It affects your dexterity (-4).
   It protects you from negative energy.
   It lets you see invisible.
 C - the +2 hat "Huketic" (worn) {rPois}
   (You found it in an ice cave)

   It protects you from poison.
 E - a +1 cloak of invisibility
 G - a scarf of resistance (worn)
 H - a +0 pair of boots (worn)
Jewellery
 t - a ring of positive energy (left hand)
 x - a ring of see invisible (right hand)
 D - an uncursed ring of fire
 M - an amulet of faith (around neck)
Wands
 I - a wand of polymorph (5/24)
 N - a wand of paralysis (15/24)
 U - a wand of digging (13/24)
 V - a wand of disintegration (10/24)
Scrolls
 j - 4 scrolls of magic mapping
 k - 8 scrolls of remove curse
 m - a scroll of acquirement
 n - 3 scrolls of identify
 y - a scroll of brand weapon
 z - a scroll of fear
 B - 3 scrolls of teleportation
 L - 3 scrolls of recharging
 P - 2 scrolls of enchant armour
Potions
 c - a potion of might {unknown}
 e - a potion of resistance
 i - 3 potions of agility
 o - 9 potions of curing
 r - 3 potions of flight
 v - 3 potions of magic
 w - a potion of lignification
 A - a potion of haste
 F - a potion of berserk rage
 J - 3 potions of heal wounds
 K - 3 potions of ambrosia
 O - 2 potions of experience {unknown}
Miscellaneous
 T - a phial of floods
Comestibles
 f - 11 bread rations
 g - 6 meat rations
 p - 10 royal jellies
 q - 22 fruits
 s - 17 chunks of flesh


   Skills:
 - Level 14.2(14.0) Fighting
 - Level 20.2(19.9) Maces & Flails
 - Level 2.0(1.8) Throwing
 - Level 16.1(15.8) Armour
 - Level 3.2(3.0) Dodging
 + Level 4.6(4.4) Invocations


You had 13 spell levels left.
You didn't know any spells.

Dungeon Overview and Level Annotations

Branches:
Dungeon (13/15)            Temple (1/1) D:6            Lair (6/6) D:10
 Shoals (0/4) Lair:2       Spider (0/4) Lair:2        Slime (0/5) Lair:6
    Orc (2/2) D:10         Vaults (0/5) D:13
    Elf: Orc:2

Altars:
Ashenzari
Cheibriados
Dithmenos
Elyvilon
Fedhas
Gozag
Hepliaklqana
Kikubaaqudgha
Makhleb
Nemelex Xobeh
Okawaru
Qazlal
Ru
Sif Muna
Trog
Uskayaw
Vehumet
Xom
Yredelemnul
Zin
The Shining One
Beogh

Shops:
D:6 (   D:9 }

Annotations:
Lair:4 exclusion: 3 oklob plants


Innate Abilities, Weirdness & Mutations

You reflexively headbutt those who attack you in melee.
You have a pair of horns on your head.


Message History

* * * LOW HITPOINT WARNING * * *
The ettin barely misses you. The orc closely misses you.
You furiously retaliate!
You headbutt the orc, but do no damage.
The red devil hits you from afar with a demon trident!
* * * LOW HITPOINT WARNING * * *
The orc warlord roars a battlecry!
The orc goes into a battle-frenzy!
An orc priest comes into view.
You are too injured to fight recklessly!
The orc priest shouts!
The orc priest calls down the wrath of Beogh upon you.
Beogh smites you!
* * * LOW HITPOINT WARNING * * *
The orc sorcerer gestures at you while chanting.
The bolt of negative energy hits you! You partially resist.
You feel drained.
* * * LOW HITPOINT WARNING * * *
The stone giant hits you!
* * * LOW HITPOINT WARNING * * *
The ettin hits you with a dire flail!!
You die...

...... ###......
####........
##...........
#........#.
#.......#...
###......##.P.
###.#..o.........
##.##.oC@.........
###......oCo........
##.#....o4.o.........
#.......o..o..##.....
##..#...o.....#.#.....
#.........o#o###.#....
##..#..o..o.###......
#..........##.#.#.
##........##...# .


You could see an orc warlord, a stone giant, an ettin, an orc sorcerer, a red
devil, 2 orc warriors, 3 orc priests, an orc wizard and 5 orcs.

Vanquished Creatures
  Rupert (D:13)
  A reaper (IceCv)
  The ghost of BreadTh the Black Belt, a journeyman MfTm of Okawaru (IceCv)
  Josephine (D:10)
  The ghost of Goboxel the Destroyer, a journeyman DrCj of Vehumet (IceCv)
  7 hydras
  A catoblepas (Lair:6)
  2 tengu warriors
  3 two-headed ogres
  An orc high priest (Orc:1)
  The ghost of Blackbelt the Blocker, a novice FoAK of Lugonu (D:8)
  A skeletal warrior (D:13)
  An unseen horror (D:12)
  Pikel (D:5)
  2 necromancers (D:13)
  A lindwurm (Lair:5)
  An orc knight (Orc:1)
  2 cyclopes
  2 ugly things
  An orc sorcerer (Orc:1)
  2 manticores
  2 ice statues (IceCv)
  3 elephants (Lair:6)
  2 black mambas (Lair:5)
  A merfolk siren (Lair:2)
  2 gargoyles (D:13)
  12 spiny frogs
  3 rime drakes
  7 komodo dragons
  6 ice devils (IceCv)
  3 trolls
  3 hornets
  Grinder (D:6)
  5 jumping spiders (Lair:2)
  7 polar bears (Lair:6)
  8 blink frogs
  15 hippogriffs
  4 dream sheep
  Sigmund (D:4)
  7 redbacks (Lair:2)
  2 vampires
  12 spriggans (Lair:6)
  4 wraiths
  2 wyverns
  3 basilisks
  39 yaks
  Eustachio (D:4)
  2 hungry ghosts (D:12)
  3 wargs (Orc:1)
  An acid dragon (D:13)
  17 water moccasins
  13 porcupines
  21 orc warriors
  3 ice beasts
  A sky beast (D:11)
  A hornet zombie (D:9)
  6 black bears
  8 ogres
  38 wolves
  5 centaurs
  4 boggarts (Lair:6)
  13 crocodiles
  7 big kobolds
  9 bullfrogs
  2 gnoll sergeants
  3 scorpions
  8 killer bees
  4 wights (D:10)
  6 howler monkeys
  5 crimson imps
  A centaur zombie (D:8)
  A quasit (D:11)
  15 orc priests
  6 hounds
  12 jellies (Lair:6)
  Crazy Yiuf (D:6)
  3 bullfrog skeletons
  3 iguanas
  21 orc wizards
  Natasha (twice) (D:4)
  13 worker ants
  A hound zombie (D:7)
  A worker ant zombie (D:11)
  23 gnolls
  10 adders
  2 shadow imps
  20 white imps
  6 ufetubi (IceCv)
  6 oozes
  3 adder skeletons
  2 worms
  3 leopard geckos
  83 orcs
  A ball python (D:7)
  6 giant cockroaches
  18 hobgoblins
  8 jackals
  3 quokkas
  A ball python zombie (D:6)
  8 bats
  6 frilled lizards
  7 goblins
  27 kobolds
  An orc skeleton (D:13)
  4 rats
697 creatures vanquished.

Vanquished Creatures (others)
  2 white imps (IceCv)
  5 ufetubi (IceCv)
  An orc (D:8)
  20 fungi
  9 plants
37 creatures vanquished.

Grand Total: 734 creatures vanquished

Notes
Turn   | Place    | Note
-------+----------+-------------------------------------------
     0 | D:1      | Kloppie the Minotaur Gladiator began the quest for the Orb.
     0 | D:1      | Reached XP level 1. HP: 18/18 MP: 0/0
   108 | D:1      | Reached skill level 4 in Maces & Flails
   151 | D:1      | Reached XP level 2. HP: 15/25 MP: 1/1
   412 | D:2      | You fall through a shaft for 2 floors!
   440 | D:4      | Noticed Natasha
   441 | D:4      | Reached skill level 5 in Maces & Flails
   441 | D:4      | Reached XP level 3. HP: 22/30 MP: 2/2
   449 | D:4      | Killed Natasha
   449 | D:4      | Reached skill level 6 in Maces & Flails
   449 | D:4      | Reached XP level 4. HP: 25/37 MP: 3/3
   848 | D:3      | Noticed an ogre
   855 | D:3      | Killed an ogre
   855 | D:3      | Reached skill level 7 in Maces & Flails
   855 | D:3      | Reached XP level 5. HP: 42/42 MP: 4/4
  1546 | D:2      | Found a burning altar of Makhleb.
  1548 | D:2      | Reached skill level 8 in Maces & Flails
  1548 | D:2      | Reached XP level 6. HP: 50/50 MP: 5/5
  1796 | D:3      | Reached skill level 1 in Armour
  2665 | D:4      | Noticed Sigmund
  2678 | D:4      | Noticed Eustachio
  2678 | D:4      | Noticed Natasha
  2682 | D:4      | Killed Sigmund
  2682 | D:4      | Reached XP level 7. HP: 45/56 MP: 6/6
  2689 | D:4      | Killed Natasha
  2689 | D:4      | Reached skill level 5 in Armour
  2711 | D:4      | Killed Eustachio
  3202 | D:5      | Entered Level 5 of the Dungeon
  3399 | D:5      | Noticed Pikel
  3420 | D:5      | Killed Pikel
  3420 | D:5      | Reached XP level 8. HP: 50/73 MP: 7/7
  3482 | D:5      | Found a sacrificial altar of Ru.
  3482 | D:5      | Found a blossoming altar of Fedhas.
  3482 | D:5      | Found a deep blue altar of Sif Muna.
  3483 | D:5      | Found a glowing golden altar of the Shining One.
  3483 | D:5      | Found an ancient bone altar of Kikubaaqudgha.
  3485 | D:5      | Found a hazy altar of Hepliaklqana.
  3486 | D:5      | Found a burning altar of Makhleb.
  4139 | D:6      | Reached skill level 9 in Maces & Flails
  4438 | D:6      | Reached skill level 10 in Maces & Flails
  4521 | D:6      | Found Diphibb's Antique Weapon Shop.
  4547 | D:6      | Bought a glowing morningstar for 182 gold pieces
  4701 | D:6      | Noticed Grinder
  4702 | D:6      | Paralysed by Grinder for 4 turns
  4729 | D:6      | Paralysed by Grinder for 3 turns
  4747 | D:6      | Paralysed by Grinder for 4 turns
  4755 | D:6      | Paralysed by Grinder for 3 turns
  4762 | D:6      | Killed Grinder
  4762 | D:6      | Reached XP level 9. HP: 43/79 MP: 8/8
  4796 | D:6      | Found a runed door.
  4982 | D:6      | Found a staircase to the Ecumenical Temple.
  5178 | D:6      | Noticed Crazy Yiuf
  5181 | D:6      | Killed Crazy Yiuf
  5315 | Temple   | Entered the Ecumenical Temple
  5568 | Temple   | Became a worshipper of Warmaster Okawaru
  6129 | D:7      | Reached skill level 10 in Armour
  6212 | D:8      | Noticed Blackbelt's ghost (novice FoAK)
  6229 | D:8      | Killed Blackbelt's ghost
  6229 | D:8      | Reached * piety under Okawaru
  6718 | D:8      | Reached XP level 10. HP: 80/86 MP: 9/9
  6729 | D:8      | Reached ** piety under Okawaru
  6790 | D:8      | Identified a scroll of acquirement
  7291 | D:9      | Found Alose's Gadget Boutique.
  7313 | D:9      | Reached skill level 11 in Maces & Flails
  7388 | D:9      | Found an iron altar of Okawaru.
  7709 | D:9      | Found a radiant altar of Vehumet.
  7726 | D:9      | Reached skill level 12 in Maces & Flails
  7912 | D:9      | Reached *** piety under Okawaru
  8020 | D:9      | Reached skill level 13 in Maces & Flails
  8246 | D:9      | Noticed a three-headed hydra
  8254 | D:9      | Killed a three-headed hydra
  8258 | D:9      | Reached skill level 14 in Maces & Flails
  8305 | D:9      | Reached **** piety under Okawaru
  8437 | D:10     | Entered Level 10 of the Dungeon
  8453 | D:10     | Found a staircase to the Lair.
  8458 | D:10     | Got a pair of ichor-stained gloves
  8478 | D:10     | Reached XP level 11. HP: 73/94 MP: 10/10
  8520 | D:10     | Identified the +1 pair of gloves of Twilight {Dex+7} (You found it on level 10 of the Dungeon)
  8716 | D:10     | Noticed Josephine
  8739 | D:10     | Killed Josephine
  8739 | D:10     | Reached ***** piety under Okawaru
  9082 | D:10     | Got a fine chain mail
  9136 | D:10     | Identified the +0 chain mail of Zeqaac {rPois rCorr Int-5} (You found it on level 10 of the Dungeon)
  9136 | D:10     | Lost intelligence.
  9224 | D:10     | Received a gift from Okawaru
  9536 | D:10     | Found a staircase to the Orcish Mines.
  9553 | D:10     | Found a roughly hewn altar of Beogh.
  9790 | Lair:1   | Entered Level 1 of the Lair of Beasts
 10238 | Lair:1   | Reached skill level 15 in Maces & Flails
 10886 | Lair:2   | Noticed a seven-headed hydra
 11585 | Lair:2   | Killed a seven-headed hydra
 11585 | Lair:2   | Received a gift from Okawaru
 11586 | Lair:2   | Got a jewelled shield {god gift}
 11599 | Lair:2   | Reached skill level 10 in Fighting
 11599 | Lair:2   | Reached XP level 12. HP: 101/106 MP: 11/11
 11616 | Lair:2   | Found a staircase to the Shoals.
 11689 | Lair:2   | Found a hole to the Spider Nest.
 12078 | Lair:2   | Noticed an eight-headed hydra
 12083 | Lair:2   | Killed an eight-headed hydra
 12111 | Lair:2   | Reached skill level 16 in Maces & Flails
 13244 | Lair:4   | Noticed a four-headed hydra
 13249 | Lair:4   | Killed a four-headed hydra
 13249 | Lair:4   | Reached skill level 17 in Maces & Flails
 13283 | Lair:4   | Found a frozen archway.
 13307 | IceCv    | Entered an ice cave
 13318 | IceCv    | Noticed Goboxel's ghost (journeyman DrCj)
 13355 | IceCv    | Killed Goboxel's ghost
 13355 | IceCv    | Received a gift from Okawaru
 13580 | IceCv    | Noticed BreadTh's ghost (journeyman MfTm)
 13595 | IceCv    | Killed BreadTh's ghost
 13886 | IceCv    | Got a twisted hat
 13899 | IceCv    | Identified the +2 hat "Huketic" {rPois} (You found it in an ice cave)
 13969 | IceCv    | Reached skill level 18 in Maces & Flails
 13988 | IceCv    | Noticed a reaper
 13995 | IceCv    | Killed a reaper
 13995 | IceCv    | Reached ****** piety under Okawaru
 14384 | Lair:4   | Reached XP level 13. HP: 69/116 MP: 12/12
 14647 | Lair:4   | Received a gift from Okawaru
 15904 | Lair:6   | Entered Level 6 of the Lair of Beasts
 15935 | Lair:6   | Reached skill level 15 in Armour
 16397 | Lair:6   | Found a staircase to the Slime Pits.
 16411 | Lair:6   | Received a gift from Okawaru
 17216 | Lair:6   | HP: 4/122 [hornet (5)]
 17600 | Lair:6   | Reached XP level 14. HP: 84/129 MP: 13/13
 17613 | Lair:6   | Received a gift from Okawaru
 17704 | Lair:6   | Got translucent ice dragon scales
 17715 | Lair:6   | Identified the +3 ice dragon scales of a volcano {*Slow rF- rC++ Regen+ rCorr Dex+2} (You found it on level 6 of the Lair of Beasts)
 17987 | D:11     | Found a stormy altar of Qazlal.
 18576 | D:12     | Received a gift from Okawaru
 18576 | D:12     | Reached skill level 19 in Maces & Flails
 19321 | D:13     | Noticed Rupert
 19321 | D:13     | Paralysed by Rupert for 6 turns
 19341 | D:13     | Killed Rupert
 19488 | D:13     | Received a gift from Okawaru
 19508 | D:13     | Reached skill level 20 in Maces & Flails
 19735 | D:13     | Found a gate to the Vaults.
 20254 | D:13     | Reached skill level 1 in Invocations
 20679 | Orc:1    | Entered Level 1 of the Orcish Mines
 20870 | Orc:1    | Found a flagged portal.
 20882 | Orc:1    | Received a gift from Okawaru
 21012 | Bailey   | Entered a bailey
 21325 | Orc:1    | Paralysed by an orc sorcerer for 6 turns
 21467 | Orc:2    | Entered Level 2 of the Orcish Mines
 21498 | Orc:2    | Noticed an orc warlord
 21503 | Orc:2    | Noticed a stone giant
 21539 | Orc:2    | Mangled by an ettin

Skill      XL: |  1  2  3  4  5  6  7  8  9 10 11 12 13 14 |
---------------+-------------------------------------------+-----
Maces & Flails | 4 5 6 7 8 10 14 15 18 20 | 20.2
Armour         | 4 6 8 12 13 15 16 | 16.1
Fighting       | 7 10 11 13 14 | 14.2
Invocations    | 4 |  4.6
Throwing       | |  2.0
Dodging        | |  3.2

Action                   |  1- 3 |  4- 6 |  7- 9 | 10-12 | 13-15 || total
-------------------------+-------+-------+-------+-------+-------++-------
Melee: Flail             |    31 |   117 |   254 |   351 |       ||   753
       Headbutt          |     4 |    24 |    70 |   206 |   241 ||   545
       Whip              |       |       |    49 |       |       ||    49
       Great mace        |       |       |       |   388 |   883 ||  1271
Throw: Throwing net      |       |     5 |     5 |       |       ||    10
Invok: Heroism           |       |       |       |     3 |     1 ||     4
Evoke: Wand              |       |       |       |       |     3 ||     3
  Use: Potion            |       |       |     3 |     1 |     3 ||     7
       Scroll            |       |       |    15 |    16 |     7 ||    38
 Stab: Sleeping          |     1 |       |       |       |       ||     1
       Held in net/web   |       |     2 |     1 |       |       ||     3
       Invisible         |       |       |     4 |       |       ||     4
       Distracted        |       |       |       |     1 |       ||     1
  Eat: Chunk             |       |     6 |    13 |    18 |    21 ||    58
       Royal jelly       |       |       |       |     2 |     1 ||     3
       Bread ration      |       |       |       |     1 |       ||     1
Armor: Leather armour    |     4 |       |       |       |       ||     4
       Ring mail         |     7 |       |       |       |       ||     7
       Scale mail        |       |    44 |    74 |       |       ||   118
       Plate armour      |       |       |   112 |   507 |   630 ||  1249
       Chain mail        |       |       |       |     1 |       ||     1
       Ice dragon scales |       |       |       |       |   199 ||   199
Dodge: Dodged            |    22 |    91 |   158 |   324 |   573 ||  1168
